TOP OF THE 1ST |
Brooklyn Cyclones batting - Pitching for Cincinnati (NYP) Reds : RHP Kevin Nabity
|
Pitching: RHP Kevin Nabity
|
|
Batting: LHB Elmo Dreier
|
0-0: Ball 1-0: Called Strike 1-1: Ground out 6-3 (Groundball, 6, EV 105.0 MPH)
|
Batting: RHB Pete Orban
|
0-0: Called Strike 0-1: Ball 1-1: Called Strike 1-2: Ball 2-2: Strikes out swinging
|
Batting: RHB Andy Carrell
|
0-0: Called Strike 0-1: Fly out, F8 (Flyball, 8RD, EV 89.4 MPH)
|
Top of the 1st over - 0 runs, 0 hits, 0 errors, 0 left on base; Brooklyn 0 - Cincinnati (NYP) 0 |
BOTTOM OF THE 1ST |
Cincinnati (NYP) Reds batting - Pitching for Brooklyn Cyclones : RHP Gary Caldwell
|
Pitching: RHP Gary Caldwell
|
|
Batting: RHB Cyd Carver
|
0-0: Ball 1-0: Foul Ball, location: 2F 1-1: Called Strike 1-2: Ball 2-2: Foul Ball, location: 2F 2-2: Ball 3-2: TRIPLE (Flyball, 78XD, EV 91.9 MPH)
|
Batting: RHB Andy Bachman
|
0-0: Ball 1-0: Ground out 5-3 (Groundball, 56S, EV 67.5 MPH) Cyd Carver scores
|
Batting: LHB Matthew Berry
|
0-0: Ball 1-0: Foul Ball, location: 2F 1-1: Foul Ball, location: 2F 1-2: Foul Ball, location: 2F 1-2: Ball 2-2: Ball 3-2: Ground out 6-3 (Groundball, 6S, EV 77.5 MPH)
|
Batting: LHB Leo Gomez
|
0-0: Ball 1-0: Ball 2-0: Fly out, F9 (Line Drive, 9LM, EV 107.5 MPH)
|
Bottom of the 1st over - 1 run, 1 hit, 0 errors, 0 left on base; Brooklyn 0 - Cincinnati (NYP) 1 |
TOP OF THE 2ND |
Brooklyn Cyclones batting - Pitching for Cincinnati (NYP) Reds : RHP Kevin Nabity
|
Batting: LHB Miguel Ramos
|
0-0: Called Strike 0-1: Foul Ball, location: 2F 0-2: SINGLE (Groundball, 6M, EV 97.5 MPH) (infield hit)
|
Batting: RHB Trent Hood
|
0-0: Foul Ball, location: 2F 0-1: Ball 1-1: Ball 2-1: Ball 3-1: Called Strike 3-2: Base on Balls Miguel Ramos to second
|
Batting: RHB Matt Tittle
|
0-0: Called Strike 0-1: Swinging Strike 0-2: Ball 1-2: Fly out, F7 (Line Drive, 7D, EV 96.9 MPH) Runner from 2nd tags up, SAFE at 3rd, no throw by LF
|
Batting: RHB Mike Patterson
|
0-0: Ball 1-0: Ball 2-0: Ball 3-0: Fly out, F7 (Flyball, 7LS, EV 72.5 MPH)
|
Batting: RHB Tom Primmer
|
0-0: Called Strike 0-1: Ball 1-1: Foul Ball, location: 2F 1-2: Ball 2-2: Foul Ball, location: 2F 2-2: Ball 3-2: Ground out 6-3 (Groundball, 6M, EV 86.9 MPH)
|
Top of the 2nd over - 0 runs, 1 hit, 0 errors, 2 left on base; Brooklyn 0 - Cincinnati (NYP) 1 |
BOTTOM OF THE 2ND |
Cincinnati (NYP) Reds batting - Pitching for Brooklyn Cyclones : RHP Gary Caldwell
|
Batting: RHB Pat McCoy
|
0-0: Ground out 3-1 (Groundball, 34, EV 88.1 MPH)
|
Batting: LHB Jamie Spangenberg
|
0-0: Ground out 4-3 (Groundball, 34, EV 100.6 MPH)
|
Batting: LHB Brian Dickeson
|
0-0: Ball 1-0: SINGLE (Groundball, 34D, EV 101.9 MPH)
|
Batting: SHB Jaivata Mohanty
|
0-0: Called Strike 0-1: Ball 1-1: Swinging Strike 1-2: Strikes out swinging
|
Bottom of the 2nd over - 0 runs, 1 hit, 0 errors, 1 left on base; Brooklyn 0 - Cincinnati (NYP) 1 |
TOP OF THE 3RD |
Brooklyn Cyclones batting - Pitching for Cincinnati (NYP) Reds : RHP Kevin Nabity
|
Batting: RHB Roberto Delgado
|
0-0: Ball 1-0: Foul Ball, location: 2F 1-1: Ball 2-1: Called Strike 2-2: Ground out 6-3 (Groundball, 6, EV 104.4 MPH)
|
Batting: LHB Elmo Dreier
|
0-0: Ground out 6-3 (Groundball, 56, EV 104.4 MPH)
|
Batting: RHB Pete Orban
|
0-0: Ground out 5-3 (Groundball, 56, EV 102.5 MPH)
|
Top of the 3rd over - 0 runs, 0 hits, 0 errors, 0 left on base; Brooklyn 0 - Cincinnati (NYP) 1 |
BOTTOM OF THE 3RD |
Cincinnati (NYP) Reds batting - Pitching for Brooklyn Cyclones : RHP Gary Caldwell
|
Batting: RHB Alex Villagomez
|
0-0: Hit by Pitch
|
Batting: RHB Cyd Carver
|
0-0: Called Strike 0-1: Called Strike 0-2: Ball 1-2: Foul Ball, location: 2F 1-2: Grounds into double play, 4-6-3 (Groundball, 4, EV 86.2 MPH)
|
Batting: RHB Andy Bachman
|
0-0: Ball 1-0: Swinging Strike 1-1: Ball 2-1: Ball 3-1: Swinging Strike 3-2: SINGLE (Groundball, 5L, EV 83.8 MPH) (infield hit)
|
Batting: LHB Matthew Berry
|
0-0: Ball 1-0: Foul Ball, location: 2F 1-1: Ball Andy Bachman is caught stealing 2nd base 2-6
|
Bottom of the 3rd over - 0 runs, 1 hit, 0 errors, 0 left on base; Brooklyn 0 - Cincinnati (NYP) 1 |
TOP OF THE 4TH |
Brooklyn Cyclones batting - Pitching for Cincinnati (NYP) Reds : RHP Kevin Nabity
|
Batting: RHB Andy Carrell
|
0-0: Ball 1-0: Called Strike 1-1: Foul Ball, location: 2F 1-2: Strikes out swinging
|
Batting: LHB Miguel Ramos
|
0-0: Ball 1-0: Ground out U3 (Groundball, 3S, EV 83.8 MPH)
|
Batting: RHB Trent Hood
|
0-0: Ball 1-0: Foul Ball, location: 2F 1-1: Fly out, F8 (Flyball, 8LD, EV 93.1 MPH)
|
Top of the 4th over - 0 runs, 0 hits, 0 errors, 0 left on base; Brooklyn 0 - Cincinnati (NYP) 1 |
BOTTOM OF THE 4TH |
Cincinnati (NYP) Reds batting - Pitching for Brooklyn Cyclones : RHP Gary Caldwell
|
Batting: LHB Matthew Berry
|
0-0: Foul Ball, location: 2F 0-1: Ball 1-1: Ball 2-1: Called Strike 2-2: Ground out 3-1 (Groundball, 34, EV 93.1 MPH)
|
Batting: LHB Leo Gomez
|
0-0: Fly out, F3 (Line Drive, 3, EV 67.5 MPH)
|
Batting: RHB Pat McCoy
|
0-0: Ball 1-0: Swinging Strike 1-1: Foul Ball, location: 2F 1-2: Ground out 6-3 (Groundball, 6S, EV 89.4 MPH)
|
Bottom of the 4th over - 0 runs, 0 hits, 0 errors, 0 left on base; Brooklyn 0 - Cincinnati (NYP) 1 |
TOP OF THE 5TH |
Brooklyn Cyclones batting - Pitching for Cincinnati (NYP) Reds : RHP Kevin Nabity
|
Batting: RHB Matt Tittle
|
0-0: Swinging Strike 0-1: Fly out, F9 (Flyball, 89S, EV 86.2 MPH)
|
Batting: RHB Mike Patterson
|
0-0: Ball 1-0: Foul Ball, location: 2F 1-1: Foul Ball, location: 2F 1-2: Strikes out swinging
|
Batting: RHB Tom Primmer
|
0-0: Ball 1-0: Foul Ball, location: 2F 1-1: Ground out 5-3 (Groundball, 56, EV 110.6 MPH)
|
Top of the 5th over - 0 runs, 0 hits, 0 errors, 0 left on base; Brooklyn 0 - Cincinnati (NYP) 1 |
BOTTOM OF THE 5TH |
Cincinnati (NYP) Reds batting - Pitching for Brooklyn Cyclones : RHP Gary Caldwell
|
Batting: LHB Jamie Spangenberg
|
0-0: Ball 1-0: Foul Ball, location: 2F 1-1: Called Strike 1-2: Foul Ball, location: 2F 1-2: TRIPLE (Flyball, 89XD, EV 106.2 MPH)
|
Batting: LHB Brian Dickeson
|
0-0: Swinging Strike 0-1: Called Strike 0-2: Strikes out looking
|
Batting: SHB Jaivata Mohanty
|
0-0: Ball 1-0: Ball 2-0: Called Strike 2-1: Foul Ball, location: 2F 2-2: Strikes out swinging
|
Batting: RHB Alex Villagomez
|
0-0: Foul Ball, location: 2F 0-1: DOUBLE (Groundball, 5L, EV 101.2 MPH) Jamie Spangenberg scores
|
Batting: RHB Cyd Carver
|
0-0: Called Strike 0-1: Ball Wild Pitch! Alex Villagomez to third 1-1: Ground out U3 (Groundball, 3, EV 83.1 MPH)
|
Bottom of the 5th over - 1 run, 2 hits, 0 errors, 1 left on base; Brooklyn 0 - Cincinnati (NYP) 2 |
TOP OF THE 6TH |
Brooklyn Cyclones batting - Pitching for Cincinnati (NYP) Reds : RHP Kevin Nabity
|
Batting: RHB Roberto Delgado
|
0-0: Ball 1-0: Foul Ball, location: 2F 1-1: Foul Ball, location: 2F 1-2: Strikes out swinging
|
Batting: LHB Elmo Dreier
|
0-0: DOUBLE (Line Drive, 89D, EV 108.1 MPH)
|
Batting: RHB Pete Orban
|
0-0: Called Strike 0-1: Foul Ball, location: 2F 0-2: Ball 1-2: Ground out 2-3 (Groundball, 2R, EV 71.9 MPH) Elmo Dreier to third
|
Batting: RHB Andy Carrell
|
0-0: Ball 1-0: Ground out 6-3 (Groundball, 56, EV 105.6 MPH)
|
Top of the 6th over - 0 runs, 1 hit, 0 errors, 1 left on base; Brooklyn 0 - Cincinnati (NYP) 2 |
BOTTOM OF THE 6TH |
Cincinnati (NYP) Reds batting - Pitching for Brooklyn Cyclones : RHP Gary Caldwell
|
Batting: RHB Andy Bachman
|
0-0: Swinging Strike 0-1: Ball 1-1: Ball 2-1: Ground out 4-3 (Groundball, 4, EV 80.6 MPH)
|
Batting: LHB Matthew Berry
|
0-0: Ball 1-0: Fly out, F8 (Flyball, 8RM, EV 87.5 MPH)
|
Batting: LHB Leo Gomez
|
0-0: Ball 1-0: Called Strike 1-1: Called Strike 1-2: Foul Ball, location: 2F 1-2: Ball 2-2: Fly out, F9 (Line Drive, 9, EV 98.8 MPH)
|
Bottom of the 6th over - 0 runs, 0 hits, 0 errors, 0 left on base; Brooklyn 0 - Cincinnati (NYP) 2 |
TOP OF THE 7TH |
Brooklyn Cyclones batting - Pitching for Cincinnati (NYP) Reds : RHP Kevin Nabity
|
Batting: LHB Miguel Ramos
|
0-0: Called Strike 0-1: Foul Ball, location: 2F 0-2: Strikes out swinging
|
Batting: RHB Trent Hood
|
0-0: Ball 1-0: Swinging Strike 1-1: Foul Ball, location: 2F 1-2: Fly out, F9 (Line Drive, 9S, EV 108.1 MPH)
|
Batting: RHB Matt Tittle
|
0-0: Ball 1-0: Called Strike 1-1: Ball 2-1: Foul Ball, location: 2F 2-2: Foul Ball, location: 2F 2-2: Foul Ball, location: 2F 2-2: Foul Ball, location: 2F 2-2: Foul Ball, location: 2F 2-2: Foul Ball, location: 2F 2-2: Foul Ball, location: 2F 2-2: Strikes out swinging
|
Top of the 7th over - 0 runs, 0 hits, 0 errors, 0 left on base; Brooklyn 0 - Cincinnati (NYP) 2 |
BOTTOM OF THE 7TH |
Cincinnati (NYP) Reds batting - Pitching for Brooklyn Cyclones : RHP Gary Caldwell
|
Batting: RHB Pat McCoy
|
0-0: Swinging Strike 0-1: Ball 1-1: Swinging Strike 1-2: Strikes out swinging
|
Batting: LHB Jamie Spangenberg
|
0-0: Ball 1-0: Ball 2-0: Called Strike 2-1: Ball 3-1: Foul Ball, location: 2F 3-2: Base on Balls
|
Batting: LHB Brian Dickeson
|
0-0: Foul Ball, location: 2F 0-1: Ball 1-1: Fielders Choice at 2nd, 5-4 (Groundball, 6, EV 101.2 MPH)
|
Batting: SHB Jaivata Mohanty
|
0-0: Ball 1-0: Ball 2-0: Called Strike 2-1: Called Strike 2-2: Fly out, F9 (Line Drive, 89M, EV 93.8 MPH)
|
Bottom of the 7th over - 0 runs, 0 hits, 0 errors, 1 left on base; Brooklyn 0 - Cincinnati (NYP) 2 |
TOP OF THE 8TH |
Brooklyn Cyclones batting - Pitching for Cincinnati (NYP) Reds : RHP Kevin Nabity
|
Batting: RHB Mike Patterson
|
0-0: Swinging Strike 0-1: Foul Ball, location: 2F 0-2: Strikes out swinging
|
Pinch Hitting: RHB Jayden Copeland
|
0-0: Reached on error, E2 (Groundball, 13S, EV 66.2 MPH)
|
Batting: SHB Evan Armagost
|
0-0: Called Strike 0-1: Foul Ball, location: 2F 0-2: Ground out 4-3 (Groundball, 4S, EV 63.8 MPH) Jayden Copeland to third
|
Batting: LHB Elmo Dreier
|
0-0: Ball 1-0: Ball 2-0: Called Strike 2-1: Swinging Strike 2-2: Strikes out swinging
|
Top of the 8th over - 0 runs, 0 hits, 1 error, 1 left on base; Brooklyn 0 - Cincinnati (NYP) 2 |
BOTTOM OF THE 8TH |
Cincinnati (NYP) Reds batting - Pitching for Brooklyn Cyclones : RHP Gary Caldwell
|
Now in LF: Luis Garcia
|
|
Batting: RHB Alex Villagomez
|
0-0: Ball 1-0: Foul Ball, location: 2F 1-1: Foul Ball, location: 2F 1-2: Strikes out swinging
|
Batting: RHB Cyd Carver
|
0-0: Ball 1-0: Ground out 6-3 (Groundball, 6S, EV 81.2 MPH)
|
Batting: RHB Andy Bachman
|
0-0: SOLO HOME RUN (Flyball, 7D, EV 101.2 MPH), Distance : 400 ft
|
Batting: LHB Matthew Berry
|
0-0: Foul Ball, location: 2F 0-1: Called Strike 0-2: Ground out 4-3 (Groundball, 4S, EV 90.6 MPH)
|
Bottom of the 8th over - 1 run, 1 hit, 0 errors, 0 left on base; Brooklyn 0 - Cincinnati (NYP) 3 |
TOP OF THE 9TH |
Brooklyn Cyclones batting - Pitching for Cincinnati (NYP) Reds : RHP Kevin Nabity
|
Pitching: RHP Taneo Kobayashi
|
|
Pinch Hitting: LHB Jeremy DiGenova
|
0-0: Ball 1-0: Ball 2-0: Foul Ball, location: 2F 2-1: Foul Ball, location: 2F 2-2: Strikes out looking
|
Batting: RHB Andy Carrell
|
0-0: Called Strike 0-1: Swinging Strike 0-2: Fly out, F6 (Line Drive, 6, EV 73.8 MPH)
|
Batting: LHB Miguel Ramos
|
0-0: Ball 1-0: Ball 2-0: Foul Ball, location: 2F 2-1: Swinging Strike 2-2: Strikes out swinging
|
Top of the 9th over - 0 runs, 0 hits, 0 errors, 0 left on base; Brooklyn 0 - Cincinnati (NYP) 3 |
|